 Dungeon Crawl Stone Soup version 0.31-a0-1009-g454b1f1e0a (webtiles) character file.

Game seed: 13242238582411851831

360548 KimchiStew the Marksgargoyle (level 22, -3/144 HPs)
             Began as a Gargoyle Hunter on Nov 15, 2023.
             Was the Champion of Okawaru.
             Slain by a deep troll (illusionary) (12 damage)
             ... on level 1 of the Depths on Nov 16, 2023.
             The game lasted 01:34:20 (59279 turns).

KimchiStew the Marksgargoyle (Gargoyle Hunter)     Turns: 59279, Time: 01:34:21

Health: -3/144     AC: 28    Str: 16    XL:     22   Next: 43%
Magic:  0/35       EV: 21    Int: 20    God:    Okawaru [******]
Gold:   4473       SH: 16    Dex: 26    Spells: 32/40 levels left

rFire   . . .        p - +2 hand cannon (freeze)
rCold   + + .        Z - +0 kite shield {AC+3}
rNeg    + + .        C - +0 robe of Appiloa {Will+ Int+5}
rPois   ∞            L - +2 helmet {Int+3}
rElec   +            e - scarf {repulsion}
rCorr   +            b - +0 pair of gloves {Dex+3}
SInv    +            h - +0 pair of boots {Stlth+}
Will    +++..        V - amulet of guardian spirit
Stlth   +++          y - ring of Amuokiqo {Will+ Dex+2 SInv}
HPRegen 0.44/turn    P - ring of Contentment {rC++ rN+ rCorr Slay+4 Stlth-}
MPRegen 0.24/turn

%: repel missiles, guardian spirit
@: about to teleport, flying, studying Unarmed Combat
A: sickness immunity, AC +16, big wings, negative energy resistance 1,
electricity resistance, torment resistance 1, petrification resistance
}: 2/15 runes: barnacled, gossamer
a: Renounce Religion, Heroism, Finesse, Duel, Receive Armour


You were on level 1 of the Depths.
You worshipped Okawaru.
Okawaru was exalted by your worship.
You visited 8 branches of the dungeon, and saw 36 of its levels.
You visited the Abyss 1 time.
You also visited: Gauntlet, Volcano and Wizlab.

You collected 5882 gold pieces.
You spent 1409 gold pieces at shops.

Inventory:

Hand Weapons
 d - a +0 hand cannon of electrocution
 p - a +2 hand cannon of freezing (weapon)
 D - a +7 heavy longbow
Missiles
 F - 15 curare-tipped darts
 T - 5 throwing nets
 U - 26 silver javelins
 W - 7 datura-tipped darts
Armour
 b - a +0 pair of gloves of dexterity (worn)
 e - a scarf of repulsion (worn)
 h - a +0 pair of boots of stealth (worn)
 C - the +0 robe of Appiloa (worn) {Will+ Int+5}
   (You found it on level 14 of the Dungeon)

   Int+5:     It affects your intelligence (+5).
   Will+:     It increases your willpower.
 L - a +2 helmet of intelligence (worn)
 M - a +1 cloak of preservation
 Z - a +0 kite shield of protection (worn)
Jewellery
 n - a ring of protection from fire
 u - a ring of resist corrosion
 y - the ring of Amuokiqo (left hand) {Will+ Dex+2 SInv}
   (You acquired it on level 8 of the Dungeon)

   [ring of see invisible]

   Dex+2:     It affects your dexterity (+2).
   Will+:     It increases your willpower.
   SInv:      It lets you see invisible.
 z - a +5 ring of evasion
 K - an amulet of the acrobat
 P - the ring of Contentment (right hand) {rC++ rN+ rCorr Slay+4 Stlth-}
   (You found it on level 4 of the Shoals)

   [ring of slaying]

   Slay+4:    It affects your accuracy & damage with ranged weapons and melee
   (+4).
   rC++:      It greatly protects you from cold.
   rN+:       It protects you from negative energy.
   rCorr:     It protects you from acid and corrosion.
   Stlth-:    It makes you less stealthy.
 V - an amulet of guardian spirit (around neck)
Wands
 s - a wand of digging (8)
 B - a wand of flame (53)
 J - a wand of iceblast (23)
 O - a wand of acid (16)
 S - a wand of paralysis (7)
 Y - a wand of polymorph (24)
Scrolls
 a - 5 scrolls of fear
 c - 6 scrolls of silence
 g - a scroll of torment
 r - 9 scrolls of teleportation
 E - 2 scrolls of immolation
 H - 11 scrolls of vulnerability
 Q - 3 scrolls of fog
 R - 2 scrolls of blinking
 X - 2 scrolls of poison
Potions
 f - 4 potions of enlightenment
 j - 8 potions of mutation
 k - 3 potions of invisibility
 l - 7 potions of ambrosia
 m - 8 potions of curing
 q - 5 potions of lignification
 t - 4 potions of cancellation
 v - 5 potions of heal wounds
 x - a potion of magic
 A - 3 potions of resistance
 G - 9 potions of brilliance
 I - 4 potions of might
 N - 4 potions of haste
Miscellaneous
 i - a condenser vane (inert)
 o - a phial of floods
 w - a lightning rod (4/4)


   Skills:
 + Level 17.0 Fighting
 - Level 1.3 Short Blades
 - Level 20.0 Ranged Weapons
 - Level 10.0 Throwing
 - Level 8.0 Armour
 + Level 10.2 Dodging
 - Level 3.0 Stealth
 * Level 15.9 Shields
 - Level 9.5 Spellcasting
 - Level 11.3 Conjurations
 - Level 12.2 Earth Magic
 - Level 14.0 Invocations
 - Level 7.0 Evocations


You had 32 spell levels left.
You knew the following spells:

 Your Spells              Type           Power      Damage    Failure   Level
a - Passwall              Tmut/Erth      28%        N/A       1%          2
b - Bombard               Conj/Erth      27%        9d5       14%         6

Your spell library contained the following spells:

 Spells                   Type           Power      Damage    Failure   Level
 Foxfire                  Conj/Fire      100%       2x1d9     1%          1
 Momentum Strike          Conj/Tloc      64%        3d9       1%          2
 Brom's Barrelling Bould  Conj/Erth      54%        2d7       1%          4
 Lee's Rapid Deconstruct  Erth           27%        3d15*     2%          5
 Dazzling Flash           Conj/Hex       64%        N/A       3%          3
 Hailstorm                Conj/Ice       32%        3d8       3%          3
 Leda's Liquefaction      Hex/Erth       17%        N/A       10%         4
 Petrify                  Tmut/Erth      34%        N/A       10%         4
 Sticky Flame             Conj/Fire      32%        2d5       11%         4
 Apportation              Tloc           18%        N/A       12%         1
 Freeze                   Ice            36%        1d5       12%         1
 Necrotise                Necr           36%        1d5       12%         1
 Sting                    Tmut/Pois      36%        1d4       12%         1
 Blink                    Tloc           18%        N/A       19%         2
 Lesser Beckoning         Tloc           18%        N/A       19%         2
 Poisonous Vapours        Pois/Air       18%        N/A       19%         2
 Wereblood                Tmut           9%         N/A       19%         2
 Arcjolt                  Conj/Air       16%        1d26      30%         5
 Irradiate                Conj/Tmut      16%        3d17      30%         5
 Frozen Ramparts          Ice            18%        1d3       34%         3
 Gell's Gravitas          Tloc           9%         N/A       34%         3
 Ignite Poison            Fire/Tmut/Pois 9%         N/A       34%         3
 Teleport Other           Tloc           9%         N/A       34%         3
 Volatile Blastmotes      Fire/Tloc      18%        2d11      34%         3
 Manifold Assault         Tloc           9%         N/A       75%         4
 Olgreb's Toxic Radiance  Pois           9%         N/A       75%         4
 Passage of Golubria      Tloc           9%         N/A       75%         4
 Vhi's Electric Charge    Tloc/Air       18%        N/A       75%         4
 Starburst                Conj/Fire      16%        6d6       86%         6
 Metabolic Englaciation   Hex/Ice        4%         N/A       97%         5
 Yara's Violent Unravell  Hex/Tmut       4%         3d4       97%         5
 Lehudib's Crystal Spear  Conj/Erth      27%        10d7      99%         8
 Dispersal                Tloc           4%         N/A       100%        6
 Plasma Beam              Fire/Air       4%         2x1d14    100%        6
 Disjunction              Tloc           4%         N/A       100%        8
 Ignition                 Fire           4%         3d4       100%        8
 Maxwell's Capacitive Co  Air            4%         ∞         100%        8
 Death's Door             Necr           4%         N/A       100%        9
 Summon Small Mammal      Summ           Unusable   N/A       N/A         1
 Call Canine Familiar     Summ           Unusable   N/A       N/A         3
 Summon Guardian Golem    Hex/Summ       Unusable   N/A       N/A         3
 Tukima's Dance           Hex            Unusable   N/A       N/A         3
 Haunt                    Necr/Summ      Unusable   N/A       N/A         7

Dungeon Overview and Level Annotations

Branches:
Dungeon (15/15)            Temple (1/1) D:7            Lair (5/5) D:11
 Shoals (4/4) Lair:3       Spider (4/4) Lair:2        Slime (0/5) Lair:4
    Orc (2/2) D:11            Elf (0/3) Orc:2        Vaults (4/5) D:14
  Crypt (0/3) Vaults:2     Depths (1/4) D:15        Volcano (visited)
 WizLab (visited)         Gauntlet (visited)

Altars:
Ashenzari
Cheibriados
Dithmenos
Elyvilon
Fedhas
Gozag
Hepliaklqana
Kikubaaqudgha
Makhleb
Nemelex Xobeh
Okawaru
Qazlal
Ru
Sif Muna
Trog
Uskayaw
Vehumet
Wu Jian
Xom
Yredelemnul
Zin
The Shining One
Jiyva

Shops:
D:9 *   D:10 [   D:12 [   Orc:2 :(*?   Shoals:2 :   Vaults:1 (   Vaults:2 =

Portals:
Hell: Depths:1
Ziggurat: Depths:1

Annotations:
D:7 3 runed translucent doors, Chipwarrior's ghost, novice KoHu
Lair:4 exclusion: oklob plant
Shoals:4 3 runed translucent doors, GrimJard's ghost, adept MiFi; Torious's ghost, adept DECj


Innate Abilities, Weirdness & Mutations

You are immune to sickness and miasma.
Your stone body is resilient. (AC +16)
You are immune to poison.
Your large and strong wings let you fly.
You resist negative energy. (rN+)
You are resistant to electric shocks. (rElec)
You are resistant to unholy torment.
You are immune to petrification.


Message History

Unknown command.
Unknown command.
Fire: p) +2 hand cannon (freeze)
Press: ? - help, Shift-Dir - straight line, f - rakshasa
Aim: a rakshasa, wielding a +0 long sword and wearing a +0 robe (magical condensation, severely wounded, 73% to hit)
You shoot a bolt. The bolt hits the rakshasa.
The bolt freezes the rakshasa.
The rakshasa is severely wounded.
The rakshasa misses you. You block the deep troll's attack. x2
The deep troll barely misses you. You block the deep troll's attack.
The deep troll barely misses you. You block the deep troll's attack.
The deep troll earth mage casts a spell next to you.
Some rock shatters into small pieces.
You block the fire giant's attack.
The vampire knight hits you but does no damage.
The vampire knight misses you.
Fire: p) +2 hand cannon (freeze)
Press: ? - help, Shift-Dir - straight line, f - fire giant, p - rakshasa
Aim: a fire giant, wielding a +2 great sword of flaming (90% to hit)
You shoot a bolt. The bolt hits the fire giant!!
The bolt freezes the fire giant.
The fire giant is severely wounded.
The rakshasa gestures at you. The lance of force hits you!!
You are knocked back by the lance of force.
You collide with the deep troll!
The deep troll is heavily wounded.
* * * LOW HITPOINT WARNING * * *
The rakshasa weaves an illusion.
The purple ugly thing shimmers and seems to become two!
You block the deep troll's attack. The deep troll closely misses you.
You block the deep troll's attack. x2
The deep troll claws you but does no damage.
You block the deep troll's attack.
The fire giant hits you with a +2 great sword of flaming!!
* * * LOW HITPOINT WARNING * * *
The fire giant burns you.
* * * LOW HITPOINT WARNING * * *
The vampire knight casts a spell.
The vampire knight flickers and vanishes for a moment.
The deep troll bites you!
You die...

#####..#.........##
##)..###..
...##..#.........#
#..[..#...
.......#.........#
#...).#...
#####..#.........#
#.....#..[
#..#.........##...
##...#.#..
#..'...........####
#########
#..#........###...#.
#..#......CVT#..R..#
#..#......RT@uT....#
#..#......T#CC.u...#
#..#.......#R.....#(
#..#...........###..##
...#.......'..........
#..
#.......#.....#####
#.. .......#....#.C.
.... ......#....#.....
.... ..... #..)## ...
....


You could see 3 fire giants, an iron troll, a vampire knight (invisible), 2 ugly
things, 3 rakshasas, 2 deep trolls and a deep troll earth mage.

Vanquished Creatures
  Nikola (Shoals:2)
  A bone dragon (Vaults:2)
  A walking earthen tome (WizLab)
  3 walking crystal tomes (WizLab)
  A lich (Depths:1)
  A sphinx (Vaults:2)
  2 storm dragons (Vaults:2)
  Aizul (Shoals:4)
  A tengu reaver (Vaults:2)
  Agnes (Spider:3)
  Kirke (Lair:4)
  Roxanne (D:15)
  A strange machine (WizLab)
  An iron dragon (Depths:1)
  2 emperor scorpions
  Ilsuiw (Shoals:4)
  3 fire giants
  5 frost giants
  5 ghost moths (Spider:4)
  A vault warden (Vaults:1)
  6 orc warlords
  3 war gargoyles (Vaults:4)
  15 ironbound preservers
  3 formless jellyfish
  9 very ugly things
  7 ironbound thunderhulks
  A broodmother (Spider:2)
  5 stone giants
  25 dire elephants
  A deep elf demonologist (Vaults:2)
  A vampire knight (Vaults:2)
  A blizzard demon (Abyss:3)
  5 spark wasps
  A minotaur (Gauntlet)
  2 crystal guardians
  10 merfolk javelineers
  5 entropy weavers
  2 quicksilver dragon zombies (D:15)
  8 merfolk impalers
  5 ettins
  2 deep elf high priests (Vaults:2)
  11 rakshasas
  5 yaktaur captains
  A fire dragon (Depths:1)
  7 hydras
  12 vault guards
  An ice dragon (Vaults:2)
  3 peacekeepers
  8 great orbs of eyes
  An ogre mage (D:15)
  3 satyrs (Shoals:4)
  A catoblepas (Lair:3)
  4 jorogumos (Spider:4)
  A death knight (D:15)
  2 alligator snapping turtles
  9 ironbound frosthearts
  A spriggan air mage (Depths:1)
  6 centaur warriors
  7 boulder beetles
  14 two-headed ogres
  2 radroaches
  6 tengu warriors
  4 merfolk aquamancers
  4 merfolk avatars
  2 vampire magi
  9 dancing weapons (WizLab)
  2 deep troll earth magi
  9 demonic crawlers
  A spriggan berserker (Depths:1)
  A hell knight (Vaults:2)
  5 orc high priests
  4 thrashing horrors (Abyss:3)
  2 occultists (Depths:1)
  A sun demon (Abyss:3)
  Sonja (Lair:4)
  Amaemon (Lair:1)
  5 large abominations (Abyss:3)
  A sixfirhy (Abyss:3)
  3 pharaoh ants
  5 skeletal warriors
  3 skysharks
  13 sea snakes
  A sun moth (Spider:4)
  8 orb spiders
  A flayed ghost (Depths:1)
  2 glowing orange brains (Vaults:2)
  46 deep trolls
  9 steelbarb worms
  7 arcanists
  37 harpies
  17 ironbound convokers
  3 deep elf pyromancers
  4 necromancers
  2 phantasmal warriors
  10 lindwurms
  9 orc knights
  A mana viper (D:15)
  8 starcursed masses (Abyss:3)
  4 oklob plants
  17 wolf spiders
  25 ugly things
  A deep elf zephyrmancer (D:15)
  16 manticores
  12 fauns
  5 cyclopes
  3 moths of wrath
  5 orc sorcerers
  5 alligator skeletons (Volcano)
  A centaur zombie (D:10)
  9 elephants (Lair:3)
  8 black mambas
  4 water nymphs
  15 merfolk sirens
  A guardian serpent (Vaults:2)
  6 gargoyles
  17 vault sentinels
  8 torpor snails
  12 cane toads
  A rime drake (shapeshifter) (D:14)
  Jeremiah (D:6)
  An unseen horror zombie (D:10)
  A hellion (Abyss:3)
  2 freezing wraiths
  An orange demon (Lair:1)
  9 komodo dragons
  An unseen horror (Abyss:3)
  A rime drake (Lair:4)
  An efreet (Gauntlet)
  41 merfolk
  9 trolls
  4 tengu conjurers
  4 ancient zymes (Abyss:3)
  12 meliai
  3 yaktaurs
  A queen bee (Spider:4)
  A hellwing (Abyss:3)
  7 hornets
  13 polar bears
  2 harpy skeletons (Volcano)
  13 tarantellas
  A wind drake (shapeshifter) (Vaults:2)
  4 wind drakes
  15 dream sheep
  A glass eye (Vaults:2)
  6 raiju (Lair:5)
  11 snapping turtles
  A spriggan zombie (D:15)
  5 blink frogs (Lair:1)
  2 meliai zombies (D:10)
  32 slime creatures
  A jumping spider (shapeshifter) (D:14)
  2 vampires
  A shadow (D:12)
  2 centaur simulacra (D:12)
  3 flying skulls (Volcano)
  3 ynoxinuls
  14 water elementals
  30 jumping spiders
  6 basilisks
  53 yaks
  3 wraiths
  19 culicivoras
  5 wyverns
  4 hogs (Lair:4)
  A chaos spawn (Abyss:3)
  3 fire elementals (Gauntlet)
  60 redbacks
  3 steam dragons (D:8)
  16 humans
  6 vampire mosquitoes
  12 wargs
  A naga (shapeshifter) (D:15)
  5 acid dragons
  16 water moccasins
  A swamp drake (D:7)
  12 hell hounds
  61 orc warriors
  A black bear (shapeshifter) (D:15)
  2 ice beasts (D:7)
  12 black bears
  16 ogres
  13 wolves (Lair:5)
  7 centaurs
  2 phantoms
  2 kobold brigands
  3 bullfrogs
  A gnoll sergeant (D:12)
  2 necrophages (D:10)
  3 scorpions
  12 wights
  16 killer bees
  6 howler monkeys
  A spriggan skeleton (Volcano)
  6 electric eels
  3 lava snakes (Lair:2)
  A human zombie (D:10)
  4 hounds
  2 gnoll boudas
  30 orc priests
  2 iron imps (Gauntlet)
  3 jellies
  2 iguanas
  Ijyb (D:3)
  18 orc wizards
  3 naga skeletons (Volcano)
  A mummy (D:10)
  A howler monkey zombie (D:10)
  20 gnolls
  4 adders
  3 shadow imps
  A white imp (Abyss:3)
  4 worms
  5 dart slugs
  119 orcs
  10 ball pythons
  5 endoplasms
  3 giant cockroaches
  4 goblins
  7 hobgoblins
  8 jackals
  5 quokkas
  4 bats
  A frilled lizard (D:1)
  19 kobolds
  8 rats
1627 creatures vanquished.

Vanquished Creatures (collateral kills)
  A gnoll bouda (D:7)
  A gnoll (D:7)
2 creatures vanquished.

Vanquished Creatures (others)
  A lindwurm (Vaults:2)
  An ironbound convoker (Vaults:4)
  A yaktaur (Vaults:4)
  A redback (Spider:4)
  2 gnolls (D:7)
  5 tentacles (Shoals:2)
11 creatures vanquished.

Grand Total: 1640 creatures vanquished

Notes
Turn   | Place    | Note
-------+----------+-------------------------------------------
     0 | D:1      | KimchiStew the Gargoyle Hunter began the quest for the Orb.
     0 | D:1      | Reached XP level 1. HP: 12/12 MP: 1/1
    50 | D:1      | Reached XP level 2. HP: 16/18 MP: 2/2
   192 | D:1      | Reached XP level 3. HP: 19/22 MP: 3/3
   733 | D:2      | Reached XP level 4. HP: 27/27 MP: 4/4
   842 | D:2      | Found a sacrificial altar of Ru.
  1190 | D:3      | Found Zin's Purification Station.
  1193 | D:3      | Found a glowing silver altar of Zin.
  1200 | D:3      | Bought a potion of curing for 90 gold pieces
  1278 | D:3      | Found a blossoming altar of Fedhas.
  1538 | D:4      | Noticed an ogre
  1546 | D:3      | Reached skill level 5 in Ranged Weapons
  1671 | D:3      | Reached skill level 1 in Throwing
  1671 | D:3      | Reached XP level 5. HP: 24/32 MP: 5/5
  1703 | D:3      | Noticed Ijyb
  2746 | D:4      | Found a hide-covered altar of Uskayaw.
  2746 | D:4      | Noticed a +0 falchion
  2746 | D:4      | Noticed a +0 short sword
  2746 | D:4      | Noticed a +0 short sword
  2746 | D:4      | Noticed a +0 falchion
  2765 | D:5      | Entered Level 5 of the Dungeon
  2881 | D:5      | Reached XP level 6. HP: 38/38 MP: 6/6
  2922 | D:5      | Reached skill level 6 in Ranged Weapons
  2967 | D:5      | Identified the ring of Xaewn {Ice Slay+2}
  3067 | D:5      | Reached XP level 7. HP: 43/43 MP: 7/7
  3562 | D:3      | Found a faded altar of an unknown god.
  3882 | D:3      | Killed Ijyb
  4014 | D:4      | Noticed a +0 spear
  4015 | D:4      | Noticed a +0 spear
  4016 | D:4      | Noticed a +0 dagger
  4016 | D:4      | Noticed a +0 dagger
  4632 | D:4      | Reached skill level 1 in Short Blades
  4786 | D:6      | Reached skill level 5 in Fighting
  4819 | D:6      | Reached XP level 8. HP: 49/49 MP: 8/8
  4829 | D:6      | Reached skill level 7 in Ranged Weapons
  5192 | D:6      | Found a shadowy altar of Dithmenos.
  5210 | D:6      | Noticed Jeremiah
  5404 | D:6      | You fall into a shaft and drop 1 floor!
  5641 | D:8      | Identified the +0 leather armour of the Centipede {rPois
                  | rN+ SInv}
  5981 | D:8      | Noticed a cyclops
  6026 | D:8      | Killed a cyclops
  6027 | D:8      | Reached skill level 8 in Ranged Weapons
  6027 | D:8      | Reached XP level 9. HP: 57/57 MP: 9/9
  6076 | D:8      | Noticed a hornet
  6084 | D:8      | Killed a hornet
  6631 | D:8      | Reached skill level 9 in Ranged Weapons
  6650 | D:8      | Noticed a centaur warrior
  7190 | D:9      | Found Wien Ypovy's Assorted Antiques.
  7195 | D:9      | Bought a scroll labelled SUOCI KOINA for 29 gold pieces
  7257 | D:9      | Found a burning altar of Makhleb.
  7259 | D:9      | Noticed an Executioner
  7263 | D:9      | Noticed a hellwing
  7263 | D:9      | Noticed an orange demon
  7306 | D:9      | Reached skill level 1 in Evocations
  7516 | D:9      | Reached skill level 10 in Ranged Weapons
  7569 | D:9      | Found a broken altar of Ashenzari.
  7648 | D:9      | Found a white marble altar of Elyvilon.
  7908 | D:7      | Found a staircase to the Ecumenical Temple.
  8147 | D:7      | Reached XP level 10. HP: 62/64 MP: 10/10
  8159 | D:7      | Reached skill level 11 in Ranged Weapons
  8358 | D:7      | Noticed Maggie
  8360 | D:7      | Maggie changed into Maggie the swamp drake
  8360 | D:7      | Noticed Maggie
  8375 | D:7      | Killed Maggie the swamp drake
  8476 | Temple   | Entered the Ecumenical Temple
  8518 | Temple   | Became a worshipper of Warmaster Okawaru
  8580 | D:7      | Found a runed translucent gate.
  8580 | D:7      | Found a runed translucent gate.
  8580 | D:7      | Found a runed translucent gate.
  8583 | D:7      | Noticed Chipwarrior's ghost (novice KoHu)
  8669 | D:7      | Found a snail-covered altar of Cheibriados.
  8743 | D:7      | Reached skill level 1 in Invocations
  8806 | D:7      | Found a stormy altar of Qazlal.
  9034 | D:6      | Found a bloodstained altar of Trog.
  9035 | D:6      | Found a sacrificial altar of Ru.
  9186 | D:6      | Killed Jeremiah
  9565 | D:8      | Killed a centaur warrior
  9565 | D:8      | Reached * piety under Okawaru
  9569 | D:8      | Reached skill level 12 in Ranged Weapons
  9730 | D:8      | Reached ** piety under Okawaru
  9757 | D:8      | Identified a scroll of acquirement
  9757 | D:8      | Acquired the ring of Amuokiqo {Will+ Dex+2 SInv}
  9910 | D:10     | Entered Level 10 of the Dungeon
 10032 | D:10     | Found an ancient bone altar of Kikubaaqudgha.
 10462 | D:10     | Found a basalt altar of Yredelemnul.
 10988 | D:10     | Noticed a two-headed ogre
 10998 | D:10     | Killed a two-headed ogre
 10998 | D:10     | Reached *** piety under Okawaru
 10999 | D:10     | Reached skill level 5 in Invocations
 10999 | D:10     | Reached XP level 11. HP: 59/72 MP: 13/15
 11219 | D:9      | Reached skill level 10 in Fighting
 11392 | D:10     | Found Qun Fogg's Antique Armour Shoppe.
 11400 | D:10     | Bought a runed helmet for 172 gold pieces
 11452 | D:10     | Found a glowing golden altar of the Shining One.
 11701 | D:10     | Noticed a two-headed ogre
 11718 | D:10     | Killed a two-headed ogre
 11718 | D:10     | Reached **** piety under Okawaru
 11719 | D:10     | Reached skill level 13 in Ranged Weapons
 12551 | D:11     | Found a staircase to the Orcish Mines.
 12570 | D:11     | Noticed a red ugly thing
 12598 | D:11     | Killed a red ugly thing
 12945 | D:11     | Noticed a boulder beetle
 12962 | D:11     | Killed a boulder beetle
 13014 | D:11     | Found a staircase to the Lair.
 13014 | D:11     | Noticed an oklob plant
 13040 | D:11     | Killed an oklob plant
 13040 | D:11     | Reached ***** piety under Okawaru
 13095 | D:11     | Noticed a red ugly thing
 13111 | Lair:1   | Entered Level 1 of the Lair of Beasts
 13111 | Lair:1   | Noticed Amaemon
 13144 | Lair:1   | Killed Amaemon
 13623 | Lair:1   | Reached XP level 12. HP: 77/77 MP: 18/18
 13648 | Lair:1   | Reached skill level 14 in Ranged Weapons
 14219 | Lair:1   | Noticed a boulder beetle
 14254 | Lair:1   | Killed a boulder beetle
 14255 | Lair:1   | Reached skill level 10 in Invocations
 15798 | Lair:2   | Received a gift from Okawaru
 15987 | Lair:2   | Found a hole to the Spider Nest.
 16272 | Lair:3   | Reached skill level 15 in Ranged Weapons
 17150 | Lair:3   | Found a staircase to the Shoals.
 17412 | Lair:3   | Received a gift from Okawaru
 17413 | Lair:3   | Reached XP level 13. HP: 81/82 MP: 21/21
 18347 | Lair:3   | Reached skill level 16 in Ranged Weapons
 19548 | D:12     | Found a gate leading to a gauntlet.
 19557 | Gauntlet | Entered a Gauntlet
 19557 | Gauntlet | Found a transporter.
 19563 | Gauntlet | Found a runed translucent door.
 19567 | Gauntlet | Found a transporter.
 19568 | Gauntlet | Found a transporter.
 19569 | Gauntlet | Found a transporter.
 19577 | Gauntlet | Found a transporter.
 19580 | Gauntlet | Found a transporter.
 19581 | Gauntlet | Found a transporter.
 19589 | Gauntlet | Found a transporter.
 19592 | Gauntlet | Found a transporter.
 19593 | Gauntlet | Found a transporter.
 19601 | Gauntlet | Found a transporter.
 19604 | Gauntlet | Found a transporter.
 19605 | Gauntlet | Found a transporter.
 19613 | Gauntlet | Found a transporter.
 20125 | Gauntlet | Received a gift from Okawaru
 20206 | Gauntlet | Identified the +7 chain mail "Ocrimemin" {rC+}
 20243 | Gauntlet | Reached skill level 17 in Ranged Weapons
 20373 | Gauntlet | Noticed a minotaur
 20383 | Gauntlet | Killed a minotaur
 20390 | Gauntlet | Identified the staff "Pumana" {Will+ Earth}
 20604 | D:12     | Reached skill level 1 in Armour
 20729 | D:12     | Received a gift from Okawaru
 20837 | D:12     | Found Yboib's Antique Armour Boutique.
 20842 | D:12     | Bought a pair of brightly glowing gloves for 313 gold
                  | pieces
 20842 | D:12     | Identified the -1 pair of gloves "Kyhuute" {+Inv rElec
                  | rPois MP+9} (You bought it in a shop on level 12 of the
                  | Dungeon)
 21530 | D:13     | Gained mutation: Your large and strong wings let you fly.
                  | [Gargoyle growth]
 21530 | D:13     | Reached XP level 14. HP: 58/88 MP: 16/23
 21636 | D:13     | Reached skill level 18 in Ranged Weapons
 21636 | D:13     | Reached skill level 5 in Armour
 22109 | D:13     | Received a gift from Okawaru
 22109 | D:13     | Reached ****** piety under Okawaru
 22142 | D:13     | Acquired a +2 heavy longbow
 22142 | D:13     | Received a gift from Okawaru
 22160 | D:14     | Identified the +0 robe of Appiloa {Will+ Int+5}
 22773 | D:14     | Identified the +1 war axe of Invincibility {drain, rC+
                  | Int+2 Dex+2}
 23057 | Lair:3   | Received a gift from Okawaru
 23723 | Lair:4   | Found a burning altar of Makhleb.
 23750 | Lair:4   | Found a dark tunnel.
 23764 | Volcano  | Entered a volcano
 24249 | Volcano  | Reached skill level 19 in Ranged Weapons
 24593 | Lair:4   | Noticed Kirke
 24603 | Lair:4   | Received a gift from Okawaru
 24607 | Lair:4   | Killed Kirke
 24654 | Lair:4   | Found a hazy altar of Hepliaklqana.
 24687 | Lair:4   | Noticed Sonja
 24693 | Lair:4   | Killed Sonja
 24761 | Lair:4   | Found a staircase to the Slime Pits.
 24762 | Lair:4   | Found a viscous altar of Jiyva.
 25089 | Lair:5   | Entered Level 5 of the Lair of Beasts
 25171 | Lair:5   | Reached XP level 15. HP: 94/94 MP: 24/24
 25526 | Lair:5   | Received a gift from Okawaru
 26028 | Lair:5   | Reached skill level 20 in Ranged Weapons
 26169 | Lair:5   | Received a gift from Okawaru
 26782 | Orc:1    | Identified the "Virchul"
 26782 | Orc:1    | Entered Level 1 of the Orcish Mines
 26939 | Orc:1    | Noticed an orc warlord
 26952 | Orc:1    | Killed an orc warlord
 26997 | Orc:1    | Reached skill level 5 in Dodging
 27242 | Orc:1    | Noticed an orc warlord
 27304 | Orc:1    | Received a gift from Okawaru
 27441 | Orc:1    | Killed an orc warlord
 27597 | Orc:1    | Identified the ring of the Dancing Gods {AC+4 Dex+2}
 27674 | Orc:1    | Identified the +5 falchion "Guedd" {flame, rElec Str-2
                  | Int+5}
 27735 | Orc:1    | Noticed an orc warlord
 28613 | Orc:1    | Killed an orc warlord
 28637 | Orc:2    | Entered Level 2 of the Orcish Mines
 29290 | Orc:2    | Reached XP level 16. HP: 101/101 MP: 25/25
 29298 | Orc:2    | Found Cauh's Magic Scroll Emporium.
 29303 | Orc:2    | Bought a scroll of blinking for 127 gold pieces
 29303 | Orc:2    | Bought a scroll of identify for 34 gold pieces
 29303 | Orc:2    | Bought a scroll of identify for 34 gold pieces
 29303 | Orc:2    | Bought a scroll of identify for 34 gold pieces
 29303 | Orc:2    | Bought a scroll of identify for 34 gold pieces
 29313 | Orc:2    | Found Bukhuf's Assorted Antiques.
 29314 | Orc:2    | Received a gift from Okawaru
 29330 | Orc:2    | Bought a potion of haste for 370 gold pieces
 31010 | Orc:2    | Found Ibelogap's Book Shoppe.
 31096 | Orc:2    | Found Esavorhy's Weapon Boutique.
 31233 | Orc:2    | Received a gift from Okawaru
 31301 | Orc:2    | Found a staircase to the Elven Halls.
 31480 | D:15     | Entered Level 15 of the Dungeon
 31496 | D:15     | Reached skill level 5 in Throwing
 31512 | D:15     | Learned a level 2 spell: Passwall
 31532 | D:15     | Learned a level 6 spell: Bombard
 31576 | D:15     | Noticed Nessos
 31579 | D:15     | Noticed Roxanne
 31843 | D:15     | Reached skill level 1 in Conjurations
 31843 | D:15     | Reached skill level 1 in Earth Magic
 32068 | D:15     | Reached skill level 1 in Spellcasting
 32081 | D:15     | HP: 1/104 [white ugly thing (21)]
 32899 | D:15     | Nessos changed into Nessos the mana viper
 32899 | D:15     | Noticed Nessos
 32902 | D:15     | Killed Nessos the mana viper
 32923 | D:15     | Found a staircase to the Depths.
 33047 | D:15     | Received a gift from Okawaru
 33543 | D:15     | Killed Roxanne
 33751 | Shoals:1 | Entered Level 1 of the Shoals
 33928 | Spider:1 | Entered Level 1 of the Spider Nest
 34452 | Shoals:1 | Reached XP level 17. HP: 108/108 MP: 26/26
 34478 | Shoals:1 | Received a gift from Okawaru
 35102 | Shoals:2 | Noticed Nikola
 35116 | Shoals:2 | Killed Nikola
 35263 | Shoals:2 | Reached skill level 5 in Earth Magic
 35309 | Shoals:2 | Found Poechuso's Book Shoppe.
 35347 | Shoals:2 | Received a gift from Okawaru
 35565 | Shoals:2 | Noticed a kraken
 35717 | Shoals:2 | Reached skill level 5 in Conjurations
 36325 | Shoals:3 | Received a gift from Okawaru
 37242 | Shoals:3 | Reached skill level 5 in Spellcasting
 38268 | Shoals:4 | Entered Level 4 of the Shoals
 38318 | Shoals:4 | Noticed Ilsuiw
 38327 | Abyss:3  | Cast into level 3 of the Abyss (merfolk impaler)
 38519 | Abyss:3  | Reached skill level 10 in Dodging
 38519 | Abyss:3  | Received a gift from Okawaru
 38641 | Abyss:3  | Reached XP level 18. HP: 79/114 MP: 19/28
 38853 | Shoals:4 | Escaped the Abyss
 38943 | Shoals:4 | Killed Ilsuiw
 38951 | Shoals:4 | Received a gift from Okawaru
 39117 | Shoals:4 | Identified the ring of Contentment {rC++ rN+ rCorr Slay+4
                  | Stlth-}
 39524 | Shoals:4 | Found a runed translucent gate.
 39524 | Shoals:4 | Found a runed translucent gate.
 39524 | Shoals:4 | Found a runed translucent gate.
 39528 | Shoals:4 | Noticed GrimJard's ghost (adept MiFi)
 39528 | Shoals:4 | Noticed Torious's ghost (adept DECj)
 39975 | Shoals:4 | Identified the +3 whip "Soplauqu" {heavy, rElec rPois rF+
                  | Dex+3}
 40060 | Shoals:4 | Received a gift from Okawaru
 40370 | Shoals:4 | Got a barnacled rune of Zot
 40448 | Shoals:4 | Identified the serpent talisman of Anaesthesia {rN+}
 40448 | Shoals:4 | Noticed Aizul
 40461 | Shoals:4 | Killed Aizul
 41336 | Spider:1 | Received a gift from Okawaru
 42356 | Spider:2 | Reached XP level 19. HP: 104/119 MP: 25/30
 42502 | Spider:2 | Received a gift from Okawaru
 43188 | Spider:3 | Reached skill level 10 in Earth Magic
 43592 | Spider:3 | Identified the +4 broad axe "Irour" {heavy, rF+ rN+ Dex+3
                  | Stlth+}
 43699 | Spider:3 | Noticed Agnes
 43715 | Spider:3 | Killed Agnes
 43715 | Spider:3 | Received a gift from Okawaru
 44196 | Spider:4 | Entered Level 4 of the Spider Nest
 44206 | Spider:4 | Reached skill level 10 in Throwing
 44330 | Spider:4 | Reached skill level 10 in Conjurations
 45886 | Spider:4 | Received a gift from Okawaru
 47145 | Spider:4 | Identified the +0 hat of Submission {Str+2}
 47188 | Spider:4 | Got a gossamer rune of Zot
 47781 | D:14     | Found a gate to the Vaults.
 47800 | D:14     | Reached skill level 5 in Evocations
 47953 | Vaults:1 | Entered Level 1 of the Vaults
 48064 | Vaults:1 | Received a gift from Okawaru
 48221 | Vaults:1 | Found Bicred's Antique Weapon Boutique.
 48252 | Vaults:1 | Reached XP level 20. HP: 105/124 MP: 8/33
 49057 | D:10     | Bought a glowing kite shield for 172 gold pieces
 49334 | Vaults:1 | Reached skill level 1 in Shields
 49958 | Vaults:1 | Received a gift from Okawaru
 50435 | Vaults:2 | Found Hoppee's Jewellery Emporium.
 50784 | Vaults:2 | Reached skill level 5 in Shields
 51121 | Vaults:2 | Received a gift from Okawaru
 51414 | Vaults:2 | Acquired 741 gold pieces
 51502 | Vaults:2 | Noticed a bone dragon
 51516 | Vaults:2 | Killed a bone dragon
 51517 | Vaults:2 | Found a staircase to the Crypt.
 52106 | Vaults:2 | Received a gift from Okawaru
 52578 | Vaults:2 | Reached XP level 21. HP: 64/132 MP: 19/34
 52676 | Vaults:2 | Received a gift from Okawaru
 52901 | Vaults:2 | Reached skill level 10 in Shields
 53085 | Vaults:2 | Identified the ring "Raetz" {rN+ rCorr MP+9 Int-5 Dex+5}
 53583 | Vaults:3 | Reached skill level 15 in Fighting
 53904 | Vaults:3 | Received a gift from Okawaru
 55173 | Vaults:4 | Identified the of Zubbio Balo
 55200 | Vaults:4 | Found a magical portal.
 55205 | WizLab   | Entered Tukima's Studio
 55324 | WizLab   | Noticed KimchiStew's illusion
 55686 | Vaults:4 | Received a gift from Okawaru
 57130 | Vaults:4 | Reached XP level 22. HP: 109/143 MP: 26/35
 57420 | Vaults:4 | Identified the +5 battleaxe "Bibluqu" {speed, rC+ Dex+4
                  | Stlth-}
 57423 | Vaults:4 | Received a gift from Okawaru
 57743 | Vaults:4 | Reached skill level 15 in Shields
 58066 | Crypt:3  | Identified the of Cumac
 58066 | Depths:1 | Entered Level 1 of the Depths
 58186 | Depths:1 | Found a one-way gateway to a ziggurat.
 59110 | Depths:1 | Found a gateway to Hell.
 59138 | Depths:1 | Received a gift from Okawaru
 59279 | Depths:1 | Slain by a deep troll (illusionary)

Illustrated notes

Levels and vault maps discovered:
D:1:      ebering_trefoil_twist, layout_basic, serial_bayou,
          serial_bayou_shore_a, serial_bayou_lagoon_a, serial_bayou_pond_d,
          serial_bayou_pond_b
D:2:      cheibrodos_old_hovel, layout_rooms, basic_altar
D:3:      layout_loops_corners, general_overflow_altar, zin_purify,
          nicolae_ecumenical_snake_handling, grunt_decor_fettered,
          grunt_ministairs_1, chequers_serial_rivers_micro_d, uniq_ijyb
D:4:      layout_loops_ring, nicolae_uskayaw_en_pointe,
          kennysheep_generic_room_7
D:5:      layout_basic
D:6:      layout_cave_pools, nicolae_dithmenos_the_darkroom,
          mainiacjoe_overflow_divided_tiny, kennysheep_generic_room_12,
          uniq_jeremiah
D:7:      layout_rooms, slow_altar_1, grunt_qazlal_clouds,
          minmay_temple_entry_tees, ebering_ghost_rock_garden, uniq_maggie
D:8:      layout_loops_corners, nzn_random_ring
D:9:      layout_rooms, mainiacjoe_overflow_concentric_impassable,
          nicolae_overflow_crystal_walls, makhleb_altar_promises_db,
          serial_shops, kennysheep_little_box
D:10:     layout_gridville, kiku_gazebo_pond_becter,
          nicolae_tso_carved_into_rock, lemuel_mausoleum_altar_yredelemnul,
          serial_shops, shop
D:11:     layout_small_grid, dpeg_oklobed_lair, hiddenorc1_lemuel,
          minmay_variable_closet
D:12:     minmay_tri_box, layout_long_grid, serial_shops, shop,
          gauntlet_entry_generic
D:13:     layout_loops_ring
D:14:     layout_roguey, grunt_vaults_entry_tiered, roderic_cross_of_infinity
D:15:     gammafunk_depths_entry_grave, layout_small_grid, minmay_misc_feat_x,
          uniq_nessos, uniq_roxanne
Temple:   pf_temple_reverse_labyrinth
Lair:1:   layout_regular_city, serial_bayou_lake_a, uniq_amaemon
Lair:2:   layout_cave_pods, spider_nest_entry_webs, nicolae_lair_liquid_snakes
Lair:3:   layout_cave_pods, minmay_shoals_entry_lonely_mermaid, dpeg_oklob_1
Lair:4:   layout_hall_layers, slime_entry_1, enter_volcano_3, basic_altar,
          chequers_serial_rivers_micro_e, lemuel_oklob_altar,
          infiniplex_staircase_pool, uniq_kirke, uniq_sonja
Lair:5:   hangedman_lair_caniforms_friends, layout_long_grid,
          chequers_serial_rivers_micro_d, grunt_megastairs_1, lemuel_fruit_tree
Shoals:1: layout_shoals, nicolae_shoals_water_elemental_grotto
Shoals:2: layout_shoals, serial_shops, nicolae_shop_stone, uniq_nikola
Shoals:3: cheibrodos_shoals_baths, layout_shoals
Shoals:4: shoals_end_grunt_ice, layout_shoals, shoal_ilsuiw,
          gammafunk_ghost_cemetery, uniq_aizul
Spider:1: nicolae_spider_mines_2, drop_trap, nicolae_spider_paper_wasps
Spider:2: layout_spider_delve
Spider:3: layout_spider_delve, hangedman_spider_tarantella_strand, uniq_agnes
Spider:4: spider_rune_water, nicolae_looking_at_the_future
Orc:1:    layout_caves, minmay_orc_treasury
Orc:2:    pubby_orc_utopia
Vaults:1: vaults_room_corners, vaults_room_semicircle,
          nicolae_vaults_apartment_2, nicolae_vaults_network_s, v_pattern_4,
          v_alt_pattern_2, nicolae_vaults_frosty_reception,
          nicolae_vaults_apartment_2, nicolae_vaults_six-pack,
          layout_vaults_chaotic_city, serial_shops, shop_statue
Vaults:2: nicolae_vaults_storage_closets_3, st_greater_box_1,
          nicolae_vaults_arrows, minmay_crypt_entry_nasty_monster,
          nicolae_vaults_lightning_bolt, vaults_room_corners, v_misc_13,
          dpeg_vaults_monster_row, nicolae_vaults_trapezoid_lopsided_3,
          ontoclasm_vaults_chip, ontoclasm_vaults_shuriken,
          ontoclasm_vaults_twist, layout_vaults_omnicross, serial_shops,
          nicolae_shop_hallway_plus
Vaults:3: hangedman_vaults_pinch, nicolae_vaults_trapezoid_1,
          ontoclasm_vaults_fault, nicolae_vaults_little_ls,
          nicolae_vaults_tetromino_Z_2, v_rooms_2, vaults_dpeg_emergency_exit,
          nicolae_vaults_mitosis, layout_vaults_omnigrid
Vaults:4: infiniplex_enter_wizlab_spiral, nicolae_vaults_more_shelving_2,
          nicolae_vaults_tetromino_L_1, nicolae_vaults_c_with_doors,
          nicolae_vaults_spaceships, nicolae_vaults_what_the_h,
          nicolae_vaults_diamond_1, vaults_room_door_hall,
          nicolae_vaults_shrinking_rooms_1, hangedman_vaults_locks,
          ontoclasm_vaults_gateway, vaults_dpeg_diagonal, grunt_vaults_focal,
          layout_vaults_ring
Depths:1: kennysheep_room_grid, layout_gridville, enter_ziggurat_f,
          rand_demon_pan_entry_4, hangedman_abyss_or_decor_slice, hell_entry,
          grunt_decor_one_mirror, hangedman_abyss_or_decor_stabs,
          kennysheep_generic_room_10

Skill      XL: |  1  2  3  4  5  6  7  8  9 10 11 12 13 14 15 16 17 18 19 20 21 22 |
---------------+-------------------------------------------------------------------+-----
Stealth        | 2 3 |  3.0
Fighting       | 3 4 5 7 8 9 10 11 12 13 14 16 17 | 17.0
Ranged Weapons | 5 6 8 10 12 13 15 17 19 20 | 20.0
Throwing       | 1 2 3 4 6 7 9 10 | 10.0
Short Blades   | 1 |  1.3
Evocations     | 2 5 7 |  7.0
Invocations    | 5 8 11 12 13 14 | 14.0
Armour         | 4 8 |  8.0
Dodging        | 8 9 10 | 10.2
Conjurations   | 3 6 9 11 | 11.3
Earth Magic    | 3 6 9 12 | 12.2
Spellcasting   | 3 5 7 9 |  9.5
Shields        | 9 14 15 | 15.9

Action                     |  1- 3 |  4- 6 |  7- 9 | 10-12 | 13-15 | 16-18 | 19-21 | 22-24 || total
---------------------------+-------+-------+-------+-------+-------+-------+-------+-------++-------
  Melee: Dagger            |       |    19 |   184 |   100 |    19 |       |       |       ||   322
         Punch             |       |       |     6 |     4 |     1 |       |       |       ||    11
         Longbow           |       |       |       |       |       |       |     1 |       ||     1
   Fire: Shortbow          |    97 |   158 |   283 |   173 |       |       |       |       ||   711
         Orcbow            |       |       |       |   741 |   607 |       |       |       ||  1348
         Longbow           |       |       |       |       |   644 |  1290 |  1338 |   131 ||  3403
         Hand cannon       |       |       |       |       |       |       |       |   120 ||   120
  Throw: Dart              |       |     7 |    11 |     6 |     8 |     1 |       |       ||    33
         Throwing net      |       |       |       |       |     2 |       |       |       ||     2
         Javelin           |       |       |       |       |       |    38 |    65 |       ||   103
   Cast: Bombard           |       |       |       |       |       |       |    12 |       ||    12
 Invoke: Heroism           |       |       |       |     6 |     6 |     5 |     3 |     1 ||    21
         Finesse           |       |       |       |       |     5 |     3 |     3 |     1 ||    12
         Receive Weapon    |       |       |       |       |     1 |       |       |       ||     1
  Evoke: Wand              |       |       |    10 |    10 |    10 |     9 |     3 |     1 ||    43
         Condenser vane    |       |       |       |       |       |     1 |     3 |       ||     4
         Phial of floods   |       |       |       |       |       |       |     3 |       ||     3
         Lightning rod     |       |       |       |       |       |       |     7 |       ||     7
    Use: Scroll            |     1 |     5 |     8 |    13 |    17 |    13 |    11 |     2 ||    70
         Potion            |       |     2 |     1 |     2 |     5 |     1 |     1 |       ||    12
   Stab: Paralysed         |       |       |     3 |     4 |     2 |       |       |       ||     9
 Armour: Leather armour    |    27 |    63 |   231 |   352 |   220 |       |       |       ||   893
         Robe              |       |       |       |       |   347 |   568 |   721 |    90 ||  1726
  Dodge: Dodged            |    27 |    78 |   222 |   320 |   483 |   744 |   879 |    80 ||  2833
         Repelled          |       |       |       |       |       |       |     9 |     4 ||    13
  Block: Kite shield       |       |       |       |       |       |       |       |    72 ||    72

Table legend: (Time is in decaauts)
 A = Elapsed time spent in this place.
 B = Non-inter-level travel time spent in this place.
 C = Inter-level travel time spent in this place.
 D = Time resting spent in this place.
 E = Time spent auto-exploring this place.
 F = Levels seen in this place.
 G = Mean time per level.
                   A        B        C        D        E       F      G
               +--------+--------+--------+--------+--------+-----+--------+
         Total |  59297 |  56002 |   3295 |  19370 |  24376 |  40 | 1482.4 |
       Dungeon |  19618 |  17814 |   1804 |   5814 |   7571 |  15 | 1307.9 |
        Temple |     98 |     25 |     73 |      0 |      0 |   1 |   98.0 |
          Lair |   8894 |   8424 |    470 |   3093 |   3706 |   5 | 1778.8 |
        Shoals |   6829 |   6663 |    166 |   1837 |   3495 |   4 | 1707.2 |
   Spider Nest |   6163 |   5881 |    282 |   2432 |   2320 |   4 | 1540.8 |
  Orcish Mines |   4615 |   4534 |     81 |   1542 |   2167 |   2 | 2307.5 |
        Vaults |   9436 |   9020 |    416 |   2913 |   4572 |   4 | 2359.0 |
        Depths |   1208 |   1208 |      0 |    560 |    361 |   1 | 1208.0 |
         Abyss |    531 |    531 |      0 |    316 |      0 |   1 |  531.0 |
       Volcano |    684 |    684 |      0 |    235 |    183 |   1 |  684.0 |
        Wizlab |    384 |    384 |      0 |    145 |      0 |   1 |  384.0 |
      Gauntlet |    833 |    833 |      0 |    480 |      0 |   1 |  833.0 |
               +--------+--------+--------+--------+--------+-----+--------+

Top non-repeatable levels by time:
Vaults:2: 3046 daAuts
  Lair:3: 3015 daAuts
Spider:4: 2866 daAuts
   Orc:2: 2617 daAuts
Vaults:1: 2362 daAuts
Shoals:4: 2306 daAuts
Vaults:3: 2144 daAuts
   Orc:1: 1997 daAuts
Shoals:3: 1984 daAuts
     D:8: 1954 daAuts
Vaults:4: 1883 daAuts
    D:11: 1853 daAuts
     D:3: 1767 daAuts
    D:15: 1754 daAuts
  Lair:2: 1717 daAuts
